Map: Ephemeron LE

Players

Oreo

  • Race: Zerg Zerg
  • League: Grandmaster
  • Spawn Location: 5:00

A.I. 1 (Very Easy) - Winner!

  • Race: Terran Terran
  • Spawn Location: 11:00

VOD

Have the link to the VOD?

Description

Time

  • Played on: Jan. 28, 2020, 8:57 p.m.
  • Length: 8:50
Show
View Real Time Build Order
Export as new Build Order

Oreo Zerg 

Build Orders: Hatch First 

Get SALT Encoding   

  12  0:00  Drone  
  13  0:12  Overlord  
  13  0:17  Drone  
  14  0:30  Drone x2  
  16  0:48  Hatchery  
  15  0:51  Drone  
  15  0:54  Drone  
  17  0:59  Drone  
  18  1:08  Extractor  
  17  1:13  Spawning Pool  
  17  1:17  Drone  
  17  1:20  Drone  
  18  1:28  Drone  
  19  1:38  Drone  
  20  1:49  Overlord  
  20  2:00  Queen x2  
  20  2:01  Zergling x4  
  26  2:11  Metabolic Boost, Drone x2  
  28  2:28  Drone x2  
  30  2:37  Hatchery  
  29  2:42  Drone  
  30  2:44  Drone  
  30  2:45  Drone  
  30  2:50  Pneumatized Carapace  
  32  2:55  Overlord  
  32  3:02  Drone x2  
  34  3:06  Queen  
  36  3:14  Drone x2  
  36  3:16  Drone x2  
  36  3:19  Overlord  
  40  3:26  Drone x2  
  40  3:27  Drone  
  43  3:35  Drone  
  43  3:39  Drone  
  45  3:43  Queen  
  45  3:46  Overlord  
  45  3:48  Queen  
  47  3:49  Drone x2  
  47  3:53  Drone x3  
  54  3:58  Zergling x2  
  54  4:01  Zergling x2  
  56  4:05  Zergling x2  
  57  4:10  Zergling x2  
  57  4:14  Drone, Overlord  
  57  4:15  Drone x5  
  64  4:18  Drone  
  64  4:22  Overlord  
  65  4:29  Drone  
  66  4:32  Queen x2  
  66  4:35  Drone x3  
  66  4:36  Baneling Nest  
  66  4:38  Lair  
  72  4:41  Drone  
  75  4:45  Drone x2  
  75  4:47  Overlord  
  75  4:48  Extractor  
  75  4:49  Drone x3  
  80  4:52  Drone x3  
  80  4:55  Drone x2  
  80  4:58  Overlord  
  82  5:00  Extractor  
  82  5:04  Overlord  
  81  5:13  Drone x4  
  85  5:18  Overlord  
  85  5:19  Hatchery  
  84  5:24  Evolution Chamber  
  84  5:25  Drone  
  84  5:27  Extractor, Evolution Chamber  
  82  5:28  Overlord  
  82  5:29  Queen  
  82  5:30  Queen  
  86  5:40  Centrifical Hooks  
  86  5:41  Zergling x2  
  86  5:42  Zergling x18  
  96  5:46  Overlord  
  96  5:51  Extractor  
  96  5:52  Zerg Melee Weapons Level 1  
  96  5:53  Zerg Ground Armor Level 1  
  96  5:56  Drone x2  
  97  5:59  Hydralisk Den  
  97  6:02  Drone x3  
  99  6:08  Overlord  
  99  6:09  Drone x3  
  99  6:10  Drone  
  103  6:15  Drone x4  
  107  6:24  Baneling x6  
  107  6:25  Baneling  
  107  6:26  Baneling x4  
  107  6:27  Baneling  
  107  6:30  Overlord  
  107  6:34  Muscular Augments  
  107  6:37  Zergling x18  
  116  6:46  Overlord  
  116  6:49  Zergling x16  
  116  6:51  Extractor  
  116  6:53  Zergling x4  
  125  6:56  Hydralisk  
  125  6:59  Infestation Pit  
  126  7:02  Hydralisk  
  126  7:04  Hydralisk  
  126  7:05  Hydralisk x4  
  126  7:08  Hydralisk  
  138  7:09  Zergling x4  
  138  7:10  Zergling x6  
  145  7:16  Zergling x2  
  145  7:17  Zergling x10  
  145  7:21  Drone  
  151  7:23  Drone  
  151  7:27  Drone x2  
  154  7:32  Drone x2  
  154  7:33  Drone x2  
  154  7:35  Extractor, Hive  
  154  7:36  Overlord  
  157  7:37  Drone x2  
  159  7:44  Overlord x3  
  159  7:56  Zergling x2  
  159  7:57  Overlord x2, Zergling x14  
  167  8:09  Drone  
  167  8:10  Drone x4  
  172  8:13  Hatchery  
  172  8:14  Overlord  
  172  8:15  Zergling x16  
  179  8:21  Hydralisk x2  
  183  8:29  Zergling x8  
  183  8:32  Zergling x12  
  199  8:47  Ultralisk Cavern  
Show
View Real Time Build Order
Export as new Build Order

A.I. 1 (Very Easy) Terran - Winner!

Build Orders:  

Get SALT Encoding   

  12  0:00  SCV  
  13  0:13  SCV  
  14  0:18  Supply Depot  
  14  0:37  Refinery  
  14  0:40  Barracks  
  14  1:04  Supply Depot  
  14  1:12  Refinery  
  14  1:27  Marine  
  14  1:30  Orbital Command  
  15  1:56  SCV  
  17  2:08  SCV  
  17  2:16  Barracks Tech Lab  
  17  2:20  SCV  
  18  2:32  SCV  
  18  2:34  Marine  
  20  2:44  SCV  
  21  2:57  SCV  
  22  3:23  Marauder  
  23  4:17  SCV  
  23  5:36  SCV  
  24  6:28  SCV  
  24  6:51  SCV, Marine  
  24  6:53  Supply Depot  
  26  6:56  Factory  
  26  6:58  Command Center  
  26  7:03  SCV  
  28  7:15  SCV  
  28  7:17  Supply Depot  
  28  7:22  Marine  
  25  7:27  SCV  
  25  7:39  SCV  
  25  7:41  Starport  
  26  7:53  Marine  
  27  8:12  SCV  
  28  8:19  SCV  
  29  8:20  Starport Tech Lab, Refinery  
  29  8:24  Marine, Refinery  
  29  8:26  SCV  
  31  8:33  SCV  
Tags
 
Matchup
TvZ
Spawn Locations
Cross Positions
Add a new tag
Caveats
  • Supply blocks, unpowered buildings, or Contaminate may cause inaccurate times.
  • Supply counts are checked every 10 seconds.